 Dungeon Crawl Stone Soup version 0.30-a0-605-gb2882149bf (webtiles) character file.

Game seed: 12262051309369915792

167 acebull12 the Purveyor of Pain (level 5, 0/35 HPs)
             Began as a Demonspawn Necromancer on Jan 7, 2023.
             Was an Initiate of Kikubaaqudgha.
             Slain by an adder (2 damage)
             ... on level 4 of the Dungeon.
             The game lasted 00:09:27 (2449 turns).

acebull12 the Purveyor of Pain (DsNe)               Turns: 2449, Time: 00:09:28

Health: 0/35       AC:  4    Str:  8    XL:     5   Next: 23%
Magic:  10/10      EV: 12    Int: 19    God:    Kikubaaqudgha [......]
Gold:   98         SH:  0    Dex: 15    Spells: 10/11 levels left

rFire   . . .      SeeInvis .    j - +0 dagger (venom)
rCold   . . .      Faith    .    (no shield)
rNeg    . . .      Spirit   .    a - +0 robe
rPois   .          Reflect  .    q - +0 helmet
rElec   .          Harm     .    (no cloak)
rCorr   .          Rampage  .    (no gloves)
Will    .....                    n - +0 pair of boots
Stlth   +++                      (no amulet)
HPRegen 0.25/turn                (no ring)
MPRegen 0.24/turn                (no ring)

@: lethally poisoned (0 -> -2), hasted, very quick
A: hooves 2, thin skeletal structure 1, magic regeneration
a: Renounce Religion


You were on level 4 of the Dungeon.
You worshipped Kikubaaqudgha.
Kikubaaqudgha was noncommittal.
You visited 1 branch of the dungeon, and saw 4 of its levels.

You collected 98 gold pieces.

Inventory:

Hand Weapons
 j - a +0 dagger of venom (weapon)
Armour
 a - a +0 robe (worn)
 n - a +0 pair of boots (worn)
 q - a +0 helmet (worn)
Jewellery
 o - a ring of magical power
 w - a ring of willpower
Scrolls
 e - a scroll of identify
 f - a scroll of enchant armour {unknown}
 k - a scroll of poison
 l - 2 scrolls of teleportation
Potions
 b - a potion of magic
 d - a potion of attraction {unknown}
 g - a potion of brilliance {unknown}
 h - a potion of lignification {unknown}
 i - 3 potions of curing {unknown}
 m - a potion of might {unknown}
 s - a potion of flight {unknown}
 t - a potion of cancellation


   Skills:
 * Level 0.3 Fighting
 + Level 0.6 Short Blades
 * Level 0.4 Armour
 + Level 1.8 Dodging
 - Level 1.9 Stealth
 * Level 3.7 Spellcasting
 * Level 5.6 Necromancy


You had 10 spell levels left.
You knew the following spells:

 Your Spells              Type           Power      Damage    Failure   Level
a - Necrotise             Necr           100%       1d9       1%          1

Your spell library contained the following spells:

 Spells                   Type           Power      Damage    Failure   Level
 Vampiric Draining        Necr           25%        2d7       4%          3
 Cigotuvi's Dreadful Rot  Necr/Pois/Air  20%        N/A       10%         2
 Beastly Appendage        Tmut           6%         N/A       14%         1
 Animate Dead             Necr           25%        N/A       14%         4
 Poisonous Vapours        Pois/Air       6%         N/A       22%         2
 Wereblood                Tmut           3%         N/A       22%         2
 Agony                    Necr           25%        N/A       36%         5
 Kindle Blastsparks       Fire/Tloc/Air  6%         2d10      38%         3
 Mephitic Cloud           Conj/Pois/Air  3%         N/A       38%         3
 Spider Form              Tmut/Pois      3%         N/A       38%         3
 Fulminant Prism          Conj/Hex       1%         3d5       80%         4
 Iskenderun's Mystic Bla  Conj/Tloc      3%         2d3       80%         4
 Lee's Rapid Deconstruct  Erth           1%         3d4*      98%         5


Dungeon Overview and Level Annotations

Branches:
Dungeon (4/15)
 Temple: D:4-7

Altars:
Fedhas
Kikubaaqudgha

Portals:
Sewer: D:4


Innate Abilities, Weirdness & Mutations

You have hoof-like feet.
You have a somewhat thin skeletal structure. (Dex +2, Stealth+)
You regenerate magic rapidly.


Message History

The adder is almost dead.
You kill the adder!
Kikubaaqudgha accepts your kill. The adder bites you but does no damage.
You hit the adder.
The adder is moderately wounded.
The adder bites you but does no damage.
You completely miss the adder.
The adder is moderately wounded.
The adder bites you but does no damage.
You barely miss the adder.
The adder is moderately wounded.
The adder closely misses you.
You hit the adder.
The adder is heavily wounded.
The adder closely misses you. The adder barely misses you.
You closely miss the adder.
The adder is heavily wounded.
The adder bites you but does no damage.
You closely miss the adder.
The adder is heavily wounded.
The adder closely misses you.
You closely miss the adder.
The adder is heavily wounded.
The adder bites you.
* * * LOW HITPOINT WARNING * * *
You are poisoned.
The adder poisons you! The adder bites you but does no damage.
You miss the adder.
The adder is heavily wounded.
You feel sick. The adder barely misses you.
You hit the adder but do no damage.
The adder is poisoned.
The adder is heavily wounded.
You feel sick. The adder bites you.
* * * LOW HITPOINT WARNING * * *
You feel yourself speed up.
* * * LOW HITPOINT WARNING * * *
You feel sick. The adder bites you.
You die...
Kikubaaqudgha rasps: "You have failed me!
Welcome... death!"

****,* ***,*
**,,>,,** *,*
*...* **,,,** *,*
*...* **+** *,*
*...* *,* *,*
*#.#* *,* *,* #.#
**,** *,* #.#
**,,,** *,* #.#
*,,,,,* *****,*
#@# **,..****
,,,,,,*
#S#########.###,**
*******
#BB.$B.........,,,
###.#.##'##.###,**
#.#.#~~~#.# ***
#...#~~~#.# ***
###.#~∩~#.#***
*,** #.#~~~#...,*
,*,** #.#~~~#..#.*


You could see an adder (very poisoned) and 2 giant cockroaches.

Vanquished Creatures
  A hound (D:4)
  An orc priest (D:3)
  3 gnolls
  An adder (D:4)
  2 dart slugs
  4 orcs (D:2)
  5 ball pythons
  3 bat zombies (D:3)
  9 endoplasms
  A giant cockroach (D:4)
  2 goblins
  3 hobgoblins
  7 jackals (D:2)
  A kobold (D:1)
  2 quokkas (D:2)
  5 bats
  A frilled lizard (D:2)
  2 rats
  A rat zombie (D:3)
54 creatures vanquished.

Vanquished Creatures (collateral kills)
  An endoplasm (D:1)
  A rat (D:1)
2 creatures vanquished.

Grand Total: 56 creatures vanquished

Notes
Turn   | Place    | Note
-------+----------+-------------------------------------------
     0 | D:1      | acebull12 the Demonspawn Necromancer began the quest for
                  | the Orb.
     0 | D:1      | Reached XP level 1. HP: 13/13 MP: 3/3
   195 | D:1      | Gained mutation: You have large cloven feet. [demonic
                  | ancestry]
   195 | D:1      | Reached XP level 2. HP: 15/19 MP: 5/5
   388 | D:1      | Reached skill level 5 in Necromancy
   437 | D:1      | You fall into a shaft and drop 1 floor!
  1010 | D:2      | Gained mutation: You regenerate magic rapidly. [demonic
                  | ancestry]
  1010 | D:2      | Reached XP level 3. HP: 24/24 MP: 4/6
  1236 | D:2      | Identified the +7 whip of Vitaru Rolei {holy, rPois rN++
                  | Will- Int+2}
  1422 | D:3      | Found a faded altar of an unknown god.
  1592 | D:3      | Gained mutation: You have a somewhat thin skeletal
                  | structure. (Dex +2, Stealth+) [demonic ancestry]
  1592 | D:3      | Reached XP level 4. HP: 16/30 MP: 6/8
  1717 | D:3      | Found a blossoming altar of Fedhas.
  2141 | D:3      | Found an ancient bone altar of Kikubaaqudgha.
  2303 | D:3      | Became a worshipper of Kikubaaqudgha
  2358 | D:4      | Identified a scroll of acquirement
  2358 | D:4      | Acquired a book of Changes
  2377 | D:4      | Gained mutation: You have hoof-like feet. [demonic
                  | ancestry]
  2377 | D:4      | Reached XP level 5. HP: 19/35 MP: 10/10
  2412 | D:4      | Found a glowing drain.
  2449 | D:4      | Slain by an adder

Illustrated notes

Levels and vault maps discovered:
D:1:      ncdulo_halloftheorcs, layout_rooms, minmay_tetromino_t4
D:2:      layout_basic
D:3:      layout_rooms, mainiacjoe_overflow_24_doors,
          lemuel_zombie_altar_kikubaaqudgha, ebering_ecumenical_altar_mist
D:4:      layout_loops_corners, lemuel_doored_altar, gup_sewer_entry_glass

Skill      XL: |  1  2  3 |
---------------+----------+-----
Necromancy     | 5 |  5.6
Spellcasting   | 3 |  3.7
Fighting       | |  0.3
Short Blades   | |  0.6
Armour         | |  0.4
Dodging        | |  1.8
Stealth        | |  1.9

Action                   |  1- 3 |  4- 6 || total
-------------------------+-------+-------++-------
Melee: Unarmed           |    16 |       ||    16
       Punch             |     1 |       ||     1
       Dagger            |    13 |    55 ||    68
 Cast: Necrotise         |    55 |    17 ||    72
  Use: Scroll            |       |     9 ||     9
       Potion            |       |     1 ||     1
 Stab: Sleeping          |     1 |       ||     1
Armor: Robe              |     6 |    30 ||    36
Dodge: Dodged            |    17 |    52 ||    69

Table legend: (Time is in decaauts)
 A = Elapsed time spent in this place.
 B = Non-inter-level travel time spent in this place.
 C = Inter-level travel time spent in this place.
 D = Time resting spent in this place.
 E = Time spent auto-exploring this place.
 F = Levels seen in this place.
 G = Mean time per level.
                   A        B        C        D        E       F      G
               +--------+--------+--------+--------+--------+-----+--------+
         Total |   2450 |   2241 |    209 |    123 |   1574 |   4 |  612.5 |
       Dungeon |   2450 |   2241 |    209 |    123 |   1574 |   4 |  612.5 |
               +--------+--------+--------+--------+--------+-----+--------+

Top non-repeatable levels by time:
     D:2: 916 daAuts
     D:1: 723 daAuts
     D:3: 708 daAuts
     D:4: 102 daAuts
